Map: 新柯尔克辖区 - 锦标赛版 (虚空)

Players

MarineLorD - Winner!

  • Race: Terran Terran
  • Spawn Location: 7:00

Rex

  • Race: Zerg Zerg
  • Spawn Location: 5:00

Event: WESG 2016 Finals

VOD

Have the link to the VOD?

Description

Time

  • Played on: Jan. 12, 2017, 12:11 a.m.
  • Length: 12:56

All games in this series

Show
View Real Time Build Order
Export as new Build Order

MarineLorD Terran - Winner!

Build Orders: Hellion Opening, Reaper Expand 

Get SALT Encoding   

  12  0:00  SCV  
  13  0:13  SCV  
  14  0:17  Supply Depot  
  14  0:25  SCV  
  15  0:29  Refinery  
  15  0:39  SCV  
  16  0:45  Barracks  
  16  0:51  SCV  
  17  1:03  SCV  
  18  1:15  SCV  
  19  1:32  Orbital Command, Reaper  
  20  1:45  Command Center  
  20  1:57  SCV  
  20  2:00  Factory  
  21  2:07  Barracks Reactor  
  21  2:11  Supply Depot  
  21  2:13  SCV  
  22  2:19  Refinery  
  22  2:25  SCV  
  23  2:38  SCV  
  24  2:45  Starport  
  24  2:50  SCV  
  24  2:51  Hellion x2  
  29  2:59  Orbital Command  
  29  3:02  SCV  
  29  3:05  Barracks Tech Lab  
  30  3:16  Hellion  
  30  3:17  Hellion  
  30  3:19  SCV  
  35  3:31  SCV, Viking  
  38  3:39  SCV, Supply Depot  
  39  3:44  SCV  
  39  3:48  Hellion  
  42  3:49  Hellion  
  42  3:51  SCV  
  45  3:56  SCV  
  46  4:04  SCV  
  46  4:08  SCV  
  45  4:11  Hellion x2  
  49  4:18  SCV  
  49  4:20  SCV  
  49  4:21  Supply Depot  
  51  4:31  SCV  
  51  4:32  SCV  
  51  4:36  Supply Depot  
  53  4:42  Hellion x2, Raven  
  53  4:43  SCV  
  53  4:44  SCV  
  61  4:54  Supply Depot  
  61  4:56  SCV  
  61  4:58  Supply Depot  
  61  4:59  SCV  
  63  5:04  Hellion x2  
  67  5:07  Barracks Reactor  
  67  5:09  SCV  
  67  5:11  SCV  
  69  5:21  SCV  
  70  5:22  Supply Depot  
  70  5:23  SCV  
  70  5:24  Armory  
  71  5:29  Command Center  
  71  5:34  Raven  
  74  5:35  SCV x2  
  74  5:39  Hellion x2  
  79  5:47  Refinery, SCV  
  79  5:48  Refinery  
  79  5:49  SCV  
  81  5:59  SCV  
  82  6:06  Hellion x2  
  82  6:07  SCV, Liberator x2  
  85  6:12  SCV  
  85  6:17  Barracks Tech Lab, Starport  
  86  6:19  SCV, Starport  
  86  6:24  SCV  
  94  6:29  Supply Depot  
  94  6:30  Supply Depot  
  94  6:41  SCV  
  94  6:46  SCV  
  96  6:52  Liberator x2  
  96  6:53  SCV  
  97  6:56  Banshee  
  97  6:58  Terran Ship Weapons Level 1  
  97  7:00  Supply Depot  
  97  7:01  SCV, Orbital Command  
  101  7:02  Engineering Bay  
  101  7:05  SCV  
  100  7:15  Banshee  
  109  7:17  SCV x2  
  111  7:24  Orbital Command  
  111  7:29  SCV x2  
  111  7:32  Hellion x2  
  115  7:37  Refinery  
  115  7:38  Missile Turret  
  115  7:41  Banshee  
  115  7:42  Refinery, SCV  
  115  7:44  SCV  
  120  7:52  Missile Turret  
  120  7:54  SCV, Missile Turret  
  120  7:58  Banshee  
  122  7:59  Hellion x2  
  122  8:03  Viking  
  128  8:06  SCV x3  
  128  8:09  Viking  
  133  8:16  Missile Turret  
  131  8:24  Command Center  
  129  8:31  Hellion x2  
  133  8:40  Supply Depot  
  133  8:42  Supply Depot x2  
  133  8:43  SCV, Supply Depot, Armory  
  133  8:48  Liberator  
  134  8:53  Hellion  
  134  8:54  Hellion  
  136  9:04  Liberator, Banshee x2  
  146  9:15  Hellion x2  
  131  9:27  Starport  
  131  9:30  Starport  
  128  9:33  SCV x2  
  128  9:36  Hellion x2  
  128  9:38  Refinery  
  121  9:47  Banshee  
  121  9:49  SCV  
  121  9:50  SCV  
  126  9:55  Cloaking Field  
  126  9:57  Starport Reactor  
  126  9:58  Hellion x2  
  130  10:00  Terran Ship Weapons Level 2  
  130  10:01  Starport  
  130  10:02  Starport, Missile Turret  
  130  10:03  SCV x3  
  133  10:09  Viking x3  
  139  10:15  SCV  
  139  10:19  Hellion x2  
  144  10:30  Banshee  
  144  10:35  Sensor Tower, Missile Turret  
  146  10:37  Starport Tech Lab  
  146  10:38  Missile Turret, Starport Tech Lab  
  146  10:39  Viking  
  146  10:40  Starport Tech Lab  
  148  10:51  Hellion  
  148  10:52  Hellion  
  152  11:06  Viking x2  
  153  11:20  Hellion x2  
  153  11:22  Starport Tech Lab  
  153  11:24  Starport Reactor  
  157  11:27  Planetary Fortress  
  157  11:32  Viking x2, Command Center  
  157  11:43  Viking x3  
  157  11:44  Viking x2  
  157  11:45  Refinery  
  167  11:47  Refinery  
  167  11:53  Hellion x2  
  171  12:03  Supply Depot  
  171  12:06  Supply Depot  
  171  12:09  Banshee  
  171  12:10  Banshee  
  177  12:17  Missile Turret  
  177  12:20  Missile Turret  
  177  12:21  Sensor Tower  
Show
View Real Time Build Order
Export as new Build Order

Rex Zerg 

Build Orders: Hatch First, Swarm Host 

Get SALT Encoding   

  12  0:00  Drone  
  13  0:08  Drone  
  14  0:17  Overlord  
  14  0:23  Drone, Extractor  
  15  0:35  Drone  
  16  0:36  Drone  
  17  0:53  Hatchery  
  17  0:55  Drone  
  17  0:58  Drone  
  18  1:04  Extractor  
  17  1:14  Spawning Pool  
  17  1:17  Drone  
  17  1:21  Drone  
  18  1:27  Drone  
  19  1:37  Overlord  
  19  2:00  Queen  
  21  2:01  Zergling x4  
  21  2:05  Metabolic Boost, Queen  
  25  2:09  Drone  
  25  2:15  Drone  
  27  2:16  Drone  
  27  2:22  Drone  
  30  2:30  Drone  
  30  2:35  Drone  
  31  2:38  Queen  
  31  2:40  Queen  
  35  2:45  Overlord  
  35  2:48  Drone  
  36  2:52  Overlord  
  36  3:04  Drone x3  
  39  3:10  Drone x4  
  39  3:12  Drone x2  
  45  3:14  Drone  
  45  3:17  Drone  
  47  3:35  Hatchery, Zergling x2  
  47  3:36  Zergling x4  
  49  3:43  Queen  
  51  3:49  Overlord  
  51  3:55  Zergling x2  
  52  3:56  Overlord  
  52  4:06  Zergling x2  
  52  4:07  Queen  
  52  4:09  Drone  
  57  4:10  Drone x4  
  57  4:17  Zergling x4  
  60  4:19  Zergling x2  
  60  4:23  Zergling x4  
  60  4:24  Zergling x2  
  64  4:25  Overlord  
  64  4:31  Drone, Spore Crawler, Lair  
  64  4:32  Drone  
  64  4:38  Spore Crawler, Overlord  
  64  4:41  Spore Crawler  
  64  4:42  Overlord  
  64  4:44  Overlord  
  63  4:50  Drone  
  64  4:54  Drone  
  64  4:55  Drone  
  64  4:56  Drone  
  64  4:58  Drone  
  68  5:01  Extractor  
  68  5:03  Evolution Chamber x2  
  68  5:05  Drone  
  68  5:06  Drone  
  67  5:10  Drone x2  
  67  5:12  Drone  
  69  5:16  Zergling x4  
  69  5:18  Zergling x2  
  69  5:19  Zergling x4  
  69  5:20  Baneling Nest  
  73  5:21  Spine Crawler  
  73  5:23  Queen, Spine Crawler  
  73  5:26  Zergling x2  
  74  5:33  Queen  
  76  5:36  Overlord  
  76  5:38  Overseer  
  76  5:41  Drone x5  
  81  5:45  Drone  
  81  5:46  Drone x2  
  81  5:48  Extractor  
  83  5:50  Drone  
  83  5:51  Drone  
  75  6:07  Drone x10  
  75  6:08  Drone  
  86  6:13  Drone  
  87  6:19  Drone, Infestation Pit  
  87  6:22  Drone, Spire  
  87  6:25  Drone  
  88  6:27  Extractor  
  88  6:31  Drone x2  
  88  6:32  Zerg Ground Armor Level 1  
  89  6:36  Drone  
  90  6:40  Extractor x2  
  90  6:41  Drone  
  90  6:42  Drone  
  90  6:45  Drone x2  
  90  6:46  Drone x2  
  94  6:47  Drone  
  94  6:52  Drone x3  
  93  7:00  Drone  
  94  7:07  Zergling x6  
  97  7:17  Hatchery  
  97  7:18  Drone x2  
  97  7:19  Overlord x2  
  97  7:20  Overlord x2  
  98  7:29  Zerg Melee Weapons Level 1  
  98  7:31  Hatchery  
  98  7:35  Centrifical Hooks  
  98  7:37  Overlord  
  97  7:38  Overlord  
  97  7:44  Swarm Host x4  
  97  7:45  Swarm Host x4  
  121  7:53  Baneling x6  
  121  8:06  Corruptor  
  121  8:07  Corruptor  
  121  8:08  Corruptor  
  127  8:13  Zergling x4, Spine Crawler  
  127  8:14  Overlord x2, Zergling x6  
  127  8:19  Overlord  
  131  8:20  Overlord x2  
  131  8:21  Swarm Host  
  132  8:32  Swarm Host x3  
  139  8:38  Zergling x14  
  144  8:44  Drone  
  144  8:45  Drone x8  
  153  8:54  Corruptor x2  
  155  8:58  Extractor  
  155  9:00  Corruptor  
  142  9:03  Extractor  
  142  9:07  Drone  
  142  9:08  Drone x4  
  109  9:17  Zergling x2  
  109  9:18  Zergling x4  
  105  9:34  Drone  
  105  9:35  Drone  
  105  9:37  Drone  
  106  9:38  Drone x2  
  101  9:46  Overlord  
  101  9:48  Drone x3  
  98  10:00  Overlord  
  98  10:03  Swarm Host x3  
  107  10:11  Spore Crawler  
  107  10:13  Spore Crawler  
  105  10:15  Swarm Host x2  
  105  10:16  Swarm Host x2  
  117  10:22  Drone x3  
  117  10:23  Drone x2  
  122  10:30  Zerg Melee Weapons Level 2  
  122  10:31  Zerg Missile Weapons Level 1  
  122  10:33  Corruptor  
  124  10:37  Queen  
  126  10:43  Zergling x4  
  126  10:44  Zergling x12  
  134  10:50  Swarm Host, Zergling x4  
  134  10:51  Baneling, Zergling x2  
  134  10:52  Baneling x5  
  140  10:59  Corruptor x2  
  141  11:09  Corruptor  
  143  11:13  Corruptor  
  143  11:17  Corruptor  
  139  11:27  Corruptor  
  139  11:36  Corruptor  
  139  11:48  Corruptor, Overseer  
  140  11:55  Corruptor  
  140  12:00  Queen  
  140  12:01  Queen  
  146  12:07  Hatchery  
  145  12:15  Queen x2  
  145  12:22  Corruptor x2  
  149  12:23  Corruptor x2  
  149  12:27  Baneling x4  
Tags
 
Add a new tag
Caveats
  • Supply blocks, unpowered buildings, or Contaminate may cause inaccurate times.
  • Supply counts are checked every 10 seconds.